AoeStats
← распродаж

Arena

507705939Analyzed
4v4 RM · 13d ago on Sep 19, 2026· 55m 41s· 8 players
Game mode
Random Map
Map size
Large (8 player)
Population
200
Speed
Normal
Resources
Standard
Victory
Conquest
Starting age
Dark Age
Ending age
Imperial Age
RankedLock teamsTeams togetherTeam positionsShared explorationLock speedFull tech treeHidden civsTurbo modeCheats
Victory
Defeat
🇨🇳 Persians · China
1662
+10
🇳🇴 Khmer · Norway
1544
+15
🇹🇷 Mongols · Türkiye
1524
+16
🇩🇪 Teutons · Germany
1510
+16
🇪🇸 Burmese · Spain
1579
-17
🇭🇰 Vietnamese · Hong Kong SAR China
1517
-14
1513
-14
🇨🇳 Huns · China
1478
-12
ValerioN__
10:22 Feudal Age
14:13 Castle Age
11:59 Double-Bit Axe
11:55 Horse Collar
15:58 Bow Saw
16:17 Heavy Plow
22:41 Wheelbarrow
22:21 Gold Mining
24:13 Hand Cart
24:48 Fletching
24:59 Padded Archer Armor
25:07 Loom
25:49 Bodkin Arrow
26:17 Ballistics
25:52 Elite Skirmisher
26:51 Leather Archer Armor
27:38 Masonry
31:35 Imperial Age
29:37 Coinage
31:33 Thumb Ring
32:34 Siege Engineers
32:31 Bracer
33:39 Chemistry
33:43 Elite Mangudai
34:52 Parthian Tactics
34:39 Bloodlines
34:29 Husbandry
36:20 Forging
36:10 Scale Mail Armor
37:20 Conscription
38:25 Murder Holes
40:34 Caravan
41:30 Drill
41:11 Nomads
41:47 Hoardings
41:10 Onager
42:57 Siege Onager
45:45 Capped Ram
47:11 Siege Ram
51:21 Banking
CNZS_HiFive
10:40 Feudal Age
10:11 Loom
11:11 Loom
14:14 Castle Age
12:42 Double-Bit Axe
12:38 Horse Collar
15:19 Bow Saw
21:14 Wheelbarrow
20:26 Town Watch
25:55 Hand Cart
25:40 Loom
25:51 Stone Mining
25:52 Gold Mining
29:40 Imperial Age
28:24 Forging
28:20 Scale Barding Armor
28:38 Fletching
29:42 Iron Casting
29:13 Scale Barding Armor
29:09 Padded Archer Armor
29:46 Bloodlines
29:37 Husbandry
30:00 Ballistics
30:22 Chain Barding Armor
29:59 Bodkin Arrow
29:34 Elite War Elephant
30:36 Conscription
31:24 Two-Man Saw
30:24 Heavy Plow
31:00 Gold Shaft Mining
31:02 Stone Shaft Mining
29:54 Elite Skirmisher
30:40 Thumb Ring
31:54 Plate Barding Armor
32:20 Blast Furnace
31:37 Leather Archer Armor
32:48 Chemistry
33:18 Citadels
33:40 Ring Archer Armor
33:11 Scale Mail Armor
33:19 Gambesons
33:35 Squires
33:20 Arson
42:44 Light Cavalry
43:44 Sappers
47:55 Chain Mail Armor
47:44 Pikeman
48:46 Capped Ram
50:11 Plate Mail Armor
49:03 Halberdier
49:56 Siege Ram
52:16 Masonry
52:01 Murder Holes
gamelnderGamler
10:57 Feudal Age
14:33 Castle Age
12:44 Double-Bit Axe
13:03 Horse Collar
19:09 Scale Mail Armor
18:53 Man-at-Arms
19:41 Long Swordsman
23:40 Loom
24:04 Stone Mining
24:48 Fletching
25:54 Bodkin Arrow
27:02 Padded Archer Armor
27:41 Bow Saw
27:29 Elite Skirmisher
29:08 Leather Archer Armor
29:47 Wheelbarrow
32:14 Imperial Age
30:07 Ballistics
30:41 Chain Mail Armor
30:00 Pikeman
31:07 Hand Cart
31:30 Forging
32:20 Halberdier
33:02 Squires
34:22 Two-Man Saw
34:33 Plate Mail Armor
35:53 Chemistry
36:23 Conscription
38:05 Ironclad
39:19 Masonry
39:29 Heavy Plow
39:49 Gold Mining
40:26 Capped Ram
42:30 Crenellations
43:26 Iron Casting
43:47 Crop Rotation
43:35 Arson
43:16 Onager
45:14 Blast Furnace
46:20 Siege Engineers
47:06 Siege Onager
49:00 Ring Archer Armor
54:02 Coinage
53:42 Guilds
55:44 Banking
daMastah2
9:51 Feudal Age
12:47 Castle Age
11:29 Double-Bit Axe
11:27 Horse Collar
15:12 Bow Saw
18:48 Heavy Plow
23:04 Wheelbarrow
24:14 Gold Mining
24:15 Stone Mining
26:34 Hand Cart
26:04 Loom
26:05 Town Watch
26:54 Coinage
29:38 Caravan
31:27 Town Patrol
34:41 Imperial Age
33:06 Masonry
35:06 Gold Shaft Mining
35:07 Stone Shaft Mining
35:27 Scale Barding Armor
35:33 Forging
36:06 Banking
37:19 Ballistics
36:52 Fletching
37:00 Heavy Scorpion
39:37 Double Crossbow
39:59 Conscription
39:47 Siege Engineers
40:43 Chemistry
40:23 Architecture
42:58 Bodkin Arrow
48:31 Fortified Wall
49:00 Hoardings
48:26 Capped Ram
50:23 Siege Ram
Vlad von Carstein
11:25 Feudal Age
14:58 Castle Age
12:55 Gold Mining
12:59 Stone Mining
12:55 Horse Collar
19:01 Wheelbarrow
26:57 Hand Cart
27:12 Loom
27:19 Gold Mining
27:20 Stone Mining
28:52 Town Watch
31:50 Imperial Age
30:28 Scale Barding Armor
30:34 Forging
30:29 Manipur Cavalry
31:21 Gold Shaft Mining
30:52 Husbandry
31:02 Bloodlines
30:16 Light Cavalry
31:08 Bloodlines
31:29 Chain Barding Armor
31:20 Forging
31:53 Elite Battle Elephant
33:20 Plate Barding Armor
33:03 Heavy Plow
33:44 Howdah
36:19 Iron Casting
39:00 Blast Furnace
38:33 Guard Tower
39:04 Ballistics
38:37 Fletching
40:29 Chemistry
44:05 Keep
44:24 Bodkin Arrow
47:14 Caravan
48:15 Bracer
51:05 Treadmill Crane
51:46 Light Cavalry
55:37 Masonry
安师大高级王罗宇晨
10:49 Feudal Age
14:54 Castle Age
13:15 Horse Collar
14:16 Double-Bit Axe
21:30 Wheelbarrow
22:33 Bow Saw
23:13 Heavy Plow
22:59 Loom
25:01 Stone Mining
25:02 Gold Mining
26:14 Hand Cart
26:35 Fervor
27:18 Gold Shaft Mining
27:41 Scale Barding Armor
31:12 Imperial Age
28:34 Town Watch
29:22 Chain Barding Armor
29:55 Forging
29:48 Husbandry
30:12 Bloodlines
30:00 Fletching
30:15 Light Cavalry
31:32 Iron Casting
32:20 Conscription
32:38 Plate Barding Armor
31:30 Hussar
31:55 Elite Mameluke
35:19 Blast Furnace
35:48 Bodkin Arrow
36:27 Bimaristan
47:13 Bracer
53:28 Treadmill Crane
55:58 Hoardings
55:55 Masonry
G.E.M
8:13 Loom
10:13 Feudal Age
17:32 Castle Age
16:06 Double-Bit Axe
16:18 Horse Collar
19:47 Bow Saw
20:55 Fletching
21:21 Crossbowman
27:06 Heavy Plow
29:16 Wheelbarrow
33:09 Scale Barding Armor
33:14 Forging
36:03 Imperial Age
34:03 Marauders
34:36 Chain Barding Armor
34:36 Bloodlines
34:40 Husbandry
37:25 Iron Casting
36:35 Elite Skirmisher
37:39 Bodkin Arrow
38:49 Bracer
39:09 Light Cavalry
40:17 Padded Archer Armor
40:56 Ballistics
41:39 Hand Cart
41:53 Leather Archer Armor
42:40 Chemistry
42:58 Imperial Skirmisher
распродаж
11:34 Feudal Age
15:21 Castle Age
13:28 Horse Collar
14:32 Double-Bit Axe
16:43 Wheelbarrow
17:14 Bow Saw
24:11 Hand Cart
24:20 Loom
27:35 Imperial Age
24:54 Town Watch
25:01 Gold Mining
26:01 Fletching
26:33 Ballistics
26:52 Bodkin Arrow
26:57 Padded Archer Armor
27:34 Thumb Ring
27:37 Stone Mining
28:29 Elite Rattan Archer
30:16 Bracer
31:33 Chemistry
31:43 Bloodlines
31:33 Husbandry
32:40 Leather Archer Armor
32:50 Scale Barding Armor
32:56 Forging
34:01 Paper Money
33:54 Husbandry
34:07 Elite Battle Elephant
36:50 Chain Barding Armor
36:41 Forging
36:49 Chatras
39:28 Iron Casting
39:24 Ring Archer Armor
40:11 Plate Barding Armor
40:02 Light Cavalry
45:44 Two-Man Saw
Connection lost

Rejoining the realm…

Still unreachable

The connection could not be restored.

Session expired

The server has moved on; the page needs a fresh start.